 Dungeon Crawl Stone Soup version 0.28.0-43-g3370ac3207 (webtiles) character file.

Game seed: 14040893598750176030

24 terff the Covered (level 3, -5/33 HPs)
             Began as a Hill Orc Fighter on Apr 1, 2022.
             Slain by a gnoll
             ... wielding a +0 whip of electrocution
              (16 damage)
             ... on level 2 of the Dungeon.
             The game lasted 00:01:27 (869 turns).

terff the Covered (Hill Orc Fighter)                 Turns: 869, Time: 00:01:27

Health: -5/33      AC: 11    Str: 24    XL:     3   Next: 2%
Magic:  3/3        EV:  6    Int:  8    God:
Gold:   14         SH:  4    Dex: 12    Spells: 2/2 levels left

rFire   . . .      SeeInvis .   a - +0 war axe
rCold   . . .      Faith    .   c - +0 buckler
rNeg    . . .      Spirit   .   h - +0 plate armour
rPois   .          Reflect  .   (no helmet)
rElec   .          Harm     .   (no cloak)
rCorr   .          Rampage  .   (no gloves)
Will    .....                   (no boots)
Stlth   ..........              (no amulet)
HPRegen 0.11/turn               e - +6 ring of strength
MPRegen 0.08/turn               (no ring)

@: no status effects
A: no striking features
a: no special abilities


You were on level 2 of the Dungeon.
You visited 1 branch of the dungeon, and saw 2 of its levels.

You collected 14 gold pieces.

Inventory:

Hand Weapons
 a - a +0 war axe (weapon)
Armour
 b - a +0 scale mail
 c - a +0 buckler (worn)
 h - a +0 plate armour (worn)
Jewellery
 e - a +6 ring of strength (left hand)
Scrolls
 g - a scroll of identify
Potions
 d - a potion of might
 f - a potion of curing


   Skills:
 + Level 3.7 Fighting
 + Level 3.0 Axes
 + Level 3.8 Armour
 + Level 3.7 Shields


You had 2 spell levels left.
You didn't know any spells.
Your spell library was empty.

Dungeon Overview and Level Annotations

Branches:
Dungeon (2/15)

Altars:


Message History

The ball python constricts you.
You closely miss the ball python.
The ball python bites you but does no damage.
The ball python constricts you.
The ball python bites you but does no damage.
The ball python constricts you.
You hit the ball python.
You kill the ball python!
You see here a ball python corpse.
As you read the scroll labelled SEASTRO MECOO, it crumbles to dust.
It is a scroll of identify.
f - a potion of curing
There is a dry fountain here.
You see here a ball python skeleton.
Done exploring.
Done exploring.
There is a stone staircase leading down here.
You climb downwards.
There is a stone staircase leading up here.
Found a scroll of immolation.
An endoplasm comes into view.
The endoplasm quivers.
The endoplasm hits you but does no damage.
You slash the endoplasm!
You kill the endoplasm!
You have reached level 3!
Your experience leads to an increase in your attributes!
Your base attributes are Str 18, Int 8, Dex 10.
Increase (S)trength, (I)ntelligence, or (D)exterity?
You feel agile. x2
A gnoll comes into view.
It is wielding a +0 whip of electrocution.
The gnoll shouts!
A quokka comes into view.
The gnoll hits you but does no damage.
You are electrocuted!!
Ouch! That really hurt!
A goblin comes into view. It is wielding a +0 dagger.
Found a short sword.
The gnoll hits you with a +0 whip of electrocution.
You are electrocuted!
You die...

##### #.# .<..# #.#
###.# #.# ###.# #.####
#.#.# #.##.##
....########.....#### .
....................+)..
....#########....##.....
#.#?# #.#.@gr.##.. ###.#
#.##.#...... #.#
#....#g####. #.# #.#..#
. #.# #.##.# #. #.#
#.#... .# #...## # .


You could see a gnoll and a quokka.

Vanquished Creatures
  2 bats (D:1)
  3 endoplasms
  4 giant cockroaches (D:1)
  A goblin (D:1)
  A hobgoblin (D:1)
  2 kobolds (D:1)
  4 ball pythons (D:1)
  A frilled lizard (D:1)
  3 rats (D:1)
21 creatures vanquished.

Notes
Turn   | Place    | Note
-------+----------+-------------------------------------------
     0 | D:1      | terff the Hill Orc Fighter began the quest for the Orb.
     0 | D:1      | Reached XP level 1. HP: 19/19 MP: 1/1
   109 | D:1      | Reached XP level 2. HP: 15/27 MP: 2/2
   401 | D:1      | Found a faded altar of an unknown god.
   851 | D:2      | Reached XP level 3. HP: 33/33 MP: 3/3
   869 | D:2      | Slain by a gnoll

Illustrated notes

Levels and vault maps discovered:
D:1:      eino_arrival_cavern_a, layout_rooms, basic_ecumenical_altar
D:2:      layout_loops_corners, minmay_tetromino_i4, uniq_jessica

Skill      XL: |  1  2 |
---------------+-------+-----
Axes           | 3 |  3.0
Fighting       | |  3.7
Armour         | |  3.8
Shields        | |  3.7

Action                   || total
-------------------------++-------
Melee: War axe           ||    63
  Use: Scroll            ||     2
Armor: Scale mail        ||    37
       Plate armour      ||     9
Dodge: Dodged            ||    44
Block: Buckler           ||    28
